3L
DETROIT RENAISSANCE @ MONTANA PANDAS
06/14/2031
 
TOP OF THE 1ST
Detroit Renaissance batting - Pitching for Montana Pandas : LHP Zalontae Hillary
Pitching: LHP Zalontae Hillary
Batting: LHB Michael Cochran 0-0: SINGLE (Groundball, 4MD)
Batting: SHB Shiki Sanu 0-0: Ball
1-0: Called Strike
1-1: Ball
2-1: Ball
3-1: Base on Balls
Michael Cochran to second
Batting: LHB Javier Sánchez 0-0: Ball
1-0: Called Strike
1-1: Fly out, F4 (Popup, 34)
Batting: RHB Quincy van Enk 0-0: Fly out, F9 (Flyball, 9S)
Batting: LHB Elian Gonzalez 0-0: Swinging Strike
0-1: Ground out 4-3 (Groundball, 34D)
Top of the 1st over - 0 runs, 1 hit, 0 errors, 2 left on base; Detroit 0 - Montana 0
BOTTOM OF THE 1ST
Montana Pandas batting - Pitching for Detroit Renaissance : RHP Domingo Ramírez
Pitching: RHP Domingo Ramírez
Batting: RHB Travis Newsome 0-0: Ball
1-0: Fly out, F8 (Flyball, 8LXD)
Batting: LHB Chris McKinney 0-0: Ball
1-0: Foul Ball, location: 2F
1-1: Called Strike
1-2: Ball
2-2: Ball
3-2: Foul Ball, location: 2F
3-2: Strikes out looking
Batting: LHB Miguel Gazivoda 0-0: Ball
1-0: Ball
2-0: Ball
3-0: Called Strike
3-1: Base on Balls
Batting: RHB Xavier Pérez 0-0: Swinging Strike
0-1: SINGLE (Groundball, 6MD)
Miguel Gazivoda to second
Runner from 2nd tries for 3rd, SAFE, no throw
Batting: LHB Terrence Eler 0-0: Swinging Strike
0-1: Ball
1-1: Ball
2-1: Foul Ball, location: 2F
2-2: Foul Ball, location: 2F
2-2: Ball
3-2: Fly out, F4 (Line Drive, 4)
Bottom of the 1st over - 0 runs, 1 hit, 0 errors, 2 left on base; Detroit 0 - Montana 0
TOP OF THE 2ND
Detroit Renaissance batting - Pitching for Montana Pandas : LHP Zalontae Hillary
Batting: SHB Jesús Román 0-0: Called Strike
0-1: Foul Ball, location: 2F
0-2: Ball
1-2: Foul Ball, location: 2F
1-2: Strikes out swinging
Batting: RHB Sixto Estrada 0-0: Ball
1-0: Ball
2-0: Ball
3-0: SINGLE (Groundball, 34D)
Batting: LHB Josh Platt 0-0: Called Strike
0-1: Ball
1-1: Swinging Strike
1-2: Ball
2-2: SINGLE (Groundball, 56D)
Sixto Estrada to second
Batting: RHB Takashi Miike 0-0: Ground out 5-3 (Groundball, 56S)
Sixto Estrada to third
Josh Platt to second
Batting: LHB Michael Cochran 0-0: Ball
1-0: Foul Ball, location: 2F
1-1: Called Strike
1-2: Ball
2-2: Fly out, F3 (Line Drive, 3)
Top of the 2nd over - 0 runs, 2 hits, 0 errors, 2 left on base; Detroit 0 - Montana 0
BOTTOM OF THE 2ND
Montana Pandas batting - Pitching for Detroit Renaissance : RHP Domingo Ramírez
Batting: LHB Roberto Fierro 0-0: Fly out, F8 (Flyball, 89XD)
Batting: RHB Casey Cavell 0-0: Ball
1-0: Fly out, F7 (Flyball, 7S)
Batting: RHB Lionel McCloud 0-0: Ball
1-0: Ball
2-0: SOLO HOME RUN (Flyball, 7LD), Distance : 344 ft
Batting: RHB Kade Knowles 0-0: Ball
1-0: Ball
2-0: Fly out, F8 (Flyball, 8LS)
Bottom of the 2nd over - 1 run, 1 hit, 0 errors, 0 left on base; Detroit 0 - Montana 1
TOP OF THE 3RD
Detroit Renaissance batting - Pitching for Montana Pandas : LHP Zalontae Hillary
Batting: SHB Shiki Sanu 0-0: Ball
1-0: SINGLE (Flyball, 89M)
Batting: LHB Javier Sánchez 0-0: Called Strike
0-1: Foul Ball, location: 2F
0-2: Ball
1-2: Ball
2-2: Fly out, F8 (Flyball, 89M)
Batting: RHB Quincy van Enk 0-0: Swinging Strike
0-1: SINGLE (Groundball, 6MD)
Shiki Sanu to second
Batting: LHB Elian Gonzalez 0-0: Fielders Choice at 2nd, 4-6 (Groundball, 4)
Shiki Sanu to third
Batting: SHB Jesús Román 0-0: Ball
1-0: Ball
2-0: Ball
3-0: Called Strike
3-1: Base on Balls
Elian Gonzalez to second
Batting: RHB Sixto Estrada 0-0: Ball
1-0: Ground out 2-3 (Groundball, 2R)
Top of the 3rd over - 0 runs, 2 hits, 0 errors, 3 left on base; Detroit 0 - Montana 1
BOTTOM OF THE 3RD
Montana Pandas batting - Pitching for Detroit Renaissance : RHP Domingo Ramírez
Batting: RHB Travis Newsome 0-0: Ball
1-0: Ball
2-0: Ball
3-0: Base on Balls
Batting: LHB Chris McKinney 0-0: Called Strike
0-1: Foul Ball, location: 2F
0-2: Strikes out swinging
Batting: LHB Miguel Gazivoda 0-0: Ball
1-0: Foul Ball, location: 2F
1-1: Ball
2-1: Ball
3-1: Base on Balls
Travis Newsome to second
Batting: RHB Xavier Pérez 0-0: Ball
1-0: Called Strike
1-1: Called Strike
1-2: Foul Ball, location: 2F
1-2: Foul Ball, location: 2F
1-2: Ball
2-2: Strikes out looking
Batting: LHB Terrence Eler 0-0: Swinging Strike
0-1: Ball
1-1: SINGLE (Groundball, 34D)
Travis Newsome to third
Miguel Gazivoda to second
Runner from 3rd tries for Home, SAFE, no throw
Batting: LHB Roberto Fierro 0-0: Called Strike
0-1: Called Strike
0-2: SINGLE (Flyball, 7S)
Miguel Gazivoda to third
Terrence Eler to second
Runner from 3rd tries for Home, SAFE, no throw
Batting: RHB Casey Cavell 0-0: Ball
1-0: TRIPLE (Flyball, 89XD)
Terrence Eler scores
Roberto Fierro scores
Batting: RHB Lionel McCloud 0-0: Ball
1-0: Fly out, F6 (Popup, 6M)
Bottom of the 3rd over - 4 runs, 3 hits, 0 errors, 1 left on base; Detroit 0 - Montana 5
TOP OF THE 4TH
Detroit Renaissance batting - Pitching for Montana Pandas : LHP Zalontae Hillary
Batting: LHB Josh Platt 0-0: SINGLE (Flyball, 7LS)
Batting: RHB Takashi Miike 0-0: Called Strike
0-1: Called Strike
0-2: Ball
1-2: Ball
2-2: Foul Ball, location: 2F
2-2: Strikes out looking
Batting: LHB Michael Cochran 0-0: Called Strike
0-1: Ball
1-1: Foul Ball, location: 2F
1-2: Ball
2-2: Ball
3-2: 2-RUN HOME RUN (Line Drive, 9D), Distance : 350 ft
Batting: SHB Shiki Sanu 0-0: Foul Ball, location: 2F
0-1: Foul Ball, location: 2F
0-2: Ball
1-2: Ball
2-2: Ball
3-2: Base on Balls
Batting: LHB Javier Sánchez 0-0: Ball
1-0: Ball
2-0: Called Strike
2-1: Foul Ball, location: 2F
2-2: Strikes out swinging
Batting: RHB Quincy van Enk 0-0: Ball
1-0: Fly out, F4 (Line Drive, 4)
Top of the 4th over - 2 runs, 2 hits, 0 errors, 1 left on base; Detroit 2 - Montana 5
BOTTOM OF THE 4TH
Montana Pandas batting - Pitching for Detroit Renaissance : RHP Domingo Ramírez
Batting: RHB Kade Knowles 0-0: Ball
1-0: DOUBLE (Line Drive, 3D)
Batting: RHB Travis Newsome 0-0: Called Strike
0-1: Foul Ball, location: 2F
0-2: Foul Ball, location: 2F
0-2: Foul Ball, location: 2F
0-2: Foul Ball, location: 2F
0-2: Strikes out swinging
Batting: LHB Chris McKinney 0-0: Ball
1-0: Foul Ball, location: 2F
1-1: Ball
2-1: Called Strike
2-2: Foul Ball, location: 2F
2-2: Foul Ball, location: 2F
2-2: Ball
3-2: Foul Ball, location: 2F
3-2: Base on Balls
Batting: LHB Miguel Gazivoda 0-0: Ball
1-0: Foul Ball, location: 2F
1-1: Ball
2-1: Ball
3-1: Base on Balls
Kade Knowles to third
Chris McKinney to second
Batting: RHB Xavier Pérez 0-0: Ball
1-0: Grounds into fielders choice 1-2 (Groundball, 13S)
Chris McKinney to third
Miguel Gazivoda to second
Batting: LHB Terrence Eler 0-0: Called Strike
0-1: Swinging Strike
0-2: Ball
1-2: Strikes out swinging
Bottom of the 4th over - 0 runs, 1 hit, 0 errors, 3 left on base; Detroit 2 - Montana 5
TOP OF THE 5TH
Detroit Renaissance batting - Pitching for Montana Pandas : LHP Zalontae Hillary
Batting: LHB Elian Gonzalez 0-0: Called Strike
0-1: DOUBLE (Flyball, 8LXD)
Batting: SHB Jesús Román 0-0: Ball
1-0: Ball
2-0: Called Strike
2-1: Ground out 6-3 (Groundball, 6)
Batting: RHB Sixto Estrada 0-0: Ball
1-0: Foul Ball, location: 2F
1-1: Ground out 4-3 (Groundball, 4)
Elian Gonzalez to third
Batting: LHB Josh Platt 0-0: Ball
1-0: Foul Ball, location: 2F
1-1: Ball
2-1: Ground out 4-3 (Groundball, 4)
Top of the 5th over - 0 runs, 1 hit, 0 errors, 1 left on base; Detroit 2 - Montana 5
BOTTOM OF THE 5TH
Montana Pandas batting - Pitching for Detroit Renaissance : RHP Domingo Ramírez
Batting: LHB Roberto Fierro 0-0: Called Strike
0-1: Ball
1-1: Ball
2-1: DOUBLE (Groundball, 3L)
Batting: RHB Casey Cavell 0-0: Called Strike
0-1: Ball
1-1: Fly out, F7 (Flyball, 7D)
Batting: RHB Lionel McCloud 0-0: Called Strike
0-1: Fly out, F8 (Flyball, 8LS)
Batting: RHB Kade Knowles 0-0: Called Strike
0-1: Ground out 5-3 (Groundball, 5S)
Bottom of the 5th over - 0 runs, 1 hit, 0 errors, 1 left on base; Detroit 2 - Montana 5
TOP OF THE 6TH
Detroit Renaissance batting - Pitching for Montana Pandas : LHP Zalontae Hillary
Batting: RHB Takashi Miike 0-0: Bunt for hit - play at first, batter safe!
Batting: LHB Michael Cochran 0-0: Called Strike
0-1: Ball
1-1: Sac Bunt - play at first, batter OUT! 2-4
Takashi Miike to second
Batting: SHB Shiki Sanu 0-0: Ball
Takashi Miike steals 3rd base
1-0: Ball
2-0: Foul Ball, location: 2F
2-1: Ball
3-1: Called Strike
3-2: Foul Ball, location: 2F
3-2: TRIPLE (Line Drive, 78XD)
Takashi Miike scores
Pitching: RHP Mark Simmons
Batting: LHB Javier Sánchez 0-0: Ball
1-0: Called Strike
1-1: Swinging Strike
1-2: Ball
2-2: Ball
3-2: Foul Ball, location: 2F
3-2: Foul Ball, location: 2F
3-2: Fly out, F7 (Flyball, 7LM)
Runner from 3rd tags up, SCORES, throw made
Batting: RHB Quincy van Enk 0-0: Called Strike
0-1: Ball
1-1: Ball
2-1: Ball
3-1: Foul Ball, location: 2F
3-2: Strikes out swinging
Top of the 6th over - 2 runs, 2 hits, 0 errors, 0 left on base; Detroit 4 - Montana 5
BOTTOM OF THE 6TH
Montana Pandas batting - Pitching for Detroit Renaissance : RHP Domingo Ramírez
Batting: RHB Travis Newsome 0-0: Ground out 6-3 (Groundball, 6)
Batting: LHB Chris McKinney 0-0: Ball
1-0: Foul Ball, location: 2F
1-1: Ball
2-1: Swinging Strike
2-2: Foul Ball, location: 2F
2-2: SOLO HOME RUN (Flyball, 89XD), Distance : 361 ft
Pitching: RHP Brantford Winstworth III
Batting: LHB Miguel Gazivoda 0-0: Called Strike
0-1: Hit by Pitch
Batting: RHB Xavier Pérez 0-0: Called Strike
0-1: Ball
1-1: Ground out 4-3 (Groundball, 34)
Miguel Gazivoda to second
Batting: LHB Terrence Eler 0-0: Ball
1-0: Called Strike
1-1: Swinging Strike
1-2: Strikes out swinging
Bottom of the 6th over - 1 run, 1 hit, 0 errors, 1 left on base; Detroit 4 - Montana 6
TOP OF THE 7TH
Detroit Renaissance batting - Pitching for Montana Pandas : RHP Mark Simmons
Pitching: RHP Pedro Valdéz
Batting: LHB Elian Gonzalez 0-0: Ball
1-0: Called Strike
1-1: Foul Ball, location: 2F
1-2: Strikes out swinging
Batting: SHB Jesús Román 0-0: Ball
1-0: Foul Ball, location: 2F
1-1: Foul Ball, location: 2F
1-2: Strikes out looking
Batting: RHB Sixto Estrada 0-0: SINGLE (Groundball, 34D)
Batting: LHB Josh Platt 0-0: Ball
1-0: Called Strike
1-1: Ball
2-1: Fly out, F7 (Line Drive, 7S)
Top of the 7th over - 0 runs, 1 hit, 0 errors, 1 left on base; Detroit 4 - Montana 6
BOTTOM OF THE 7TH
Montana Pandas batting - Pitching for Detroit Renaissance : RHP Brantford Winstworth III
Batting: LHB Roberto Fierro 0-0: Called Strike
0-1: Swinging Strike
0-2: Strikes out swinging
Batting: RHB Casey Cavell 0-0: Foul Ball, location: 2F
0-1: Swinging Strike
0-2: Ball
1-2: Strikes out swinging
Batting: RHB Lionel McCloud 0-0: Called Strike
0-1: Called Strike
0-2: Strikes out swinging
Bottom of the 7th over - 0 runs, 0 hits, 0 errors, 0 left on base; Detroit 4 - Montana 6
TOP OF THE 8TH
Detroit Renaissance batting - Pitching for Montana Pandas : RHP Pedro Valdéz
Batting: RHB Takashi Miike 0-0: Ball
1-0: Ball
2-0: Ball
3-0: Called Strike
3-1: SINGLE (Line Drive, 89S)
Batting: LHB Michael Cochran 0-0: Fielders Choice at 2nd, 4-6 (Groundball, 34)
Batting: SHB Shiki Sanu 0-0: Ball
1-0: Ball
2-0: Swinging Strike
2-1: Ball
3-1: Base on Balls
Michael Cochran to second
Batting: LHB Javier Sánchez 0-0: Ball
1-0: Ball
2-0: Called Strike
2-1: Ball
3-1: Swinging Strike
3-2: Foul Ball, location: 2F
3-2: Base on Balls
Michael Cochran to third
Shiki Sanu to second
Pitching: RHP David Hudson
Batting: RHB Quincy van Enk 0-0: Swinging Strike
0-1: Called Strike
0-2: Strikes out swinging
Batting: LHB Elian Gonzalez 0-0: Called Strike
0-1: Foul Ball, location: 2F
0-2: Foul Ball, location: 2F
0-2: Strikes out looking
Top of the 8th over - 0 runs, 1 hit, 0 errors, 3 left on base; Detroit 4 - Montana 6
BOTTOM OF THE 8TH
Montana Pandas batting - Pitching for Detroit Renaissance : RHP Brantford Winstworth III
Batting: RHB Kade Knowles 0-0: Ball
1-0: Ball
2-0: Called Strike
2-1: Foul Ball, location: 2F
2-2: Fly out, F8 (Line Drive, 78S)
Batting: RHB Travis Newsome 0-0: Ball
1-0: Ball
2-0: Swinging Strike
2-1: Foul Ball, location: 2F
2-2: Ball
3-2: Base on Balls
Batting: LHB Chris McKinney 0-0: Ball
1-0: Ball
2-0: Ball
3-0: Base on Balls
Travis Newsome to second
Batting: LHB Miguel Gazivoda 0-0: Called Strike
0-1: Ball
1-1: Grounds into double play, 4-6-3 (Groundball, 4)
Bottom of the 8th over - 0 runs, 0 hits, 0 errors, 1 left on base; Detroit 4 - Montana 6
TOP OF THE 9TH
Detroit Renaissance batting - Pitching for Montana Pandas : RHP David Hudson
Batting: SHB Jesús Román 0-0: Called Strike
0-1: Swinging Strike
0-2: Strikes out looking
Batting: RHB Sixto Estrada 0-0: Called Strike
0-1: Called Strike
0-2: Strikes out swinging
Batting: LHB Josh Platt 0-0: Called Strike
0-1: Ball
1-1: Foul Ball, location: 2F
1-2: Foul Ball, location: 2F
1-2: SOLO HOME RUN (Flyball, 9LD), Distance : 322 ft
Pinch Hitting: LHB Bartolo Benítez 0-0: Called Strike
0-1: Ball
1-1: Ball
2-1: Ball
3-1: Foul Ball, location: 2F
3-2: Strikes out swinging
Top of the 9th over - 1 run, 1 hit, 0 errors, 0 left on base; Detroit 5 - Montana 6
Tuesday, June 12th, 2018 - OOTP Baseball 18.8 Build 76